[ AOE2 MATCH · #461632154 ]
UnrankedVietnamese vs Vikings
[ REPLAY ANALYSIS · EXTRACTED FROM THE RECORDED GAME ]
Feudal
12:07
Castle
21:28
Imperial
38:51
| APM avg | 25.2 |
| APM peak | 63 |
| eAPM avg | 14.7 |
| Villagers / military | 104 / 438 |
Focus
⚔️ 47.8% · 🌾 52.2%
Skirmisher ×180 · Spearman ×120 · Rattan Archer ×57 · Battle Elephant ×47 · Fire Lancer ×13 · Monk ×5
Feudal
11:24
Castle
16:32
Imperial
36:06
| APM avg | 21.3 |
| APM peak | 50 |
| eAPM avg | 12.3 |
| Villagers / military | 186 / 639 |
Focus
⚔️ 49.3% · 🌾 50.7%
Spearman ×268 · Steppe Lancer ×228 · Camel Scout ×75 · Militia ×42 · Cavalry Archer ×15 · Trade Cart ×12
Feudal
10:35
Castle
29:00
Imperial
41:13
| APM avg | 39.3 |
| APM peak | 98 |
| eAPM avg | 29.3 |
| Villagers / military | 258 / 1017 |
Focus
⚔️ 56.2% · 🌾 43.8%
Militia ×384 · Berserk ×193 · Spearman ×178 · Skirmisher ×174 · Archer ×39 · Battering Ram ×23
Feudal
11:28
Castle
18:33
Imperial
41:02
| APM avg | 30.3 |
| APM peak | 77 |
| eAPM avg | 17.9 |
| Villagers / military | 124 / 210 |
Focus
⚔️ 40.7% · 🌾 59.3%
Spearman ×93 · Plumed Archer ×56 · Archer ×22 · Mangonel ×14 · Skirmisher ×10 · Trade Cart ×9
Feudal
10:08
Castle
20:01
Imperial
35:48
| APM avg | 29.5 |
| APM peak | 100 |
| eAPM avg | 22.9 |
| Villagers / military | 124 / 724 |
Focus
⚔️ 58.4% · 🌾 41.6%
Spearman ×367 · Skirmisher ×273 · Militia ×50 · Trade Cart ×14 · Archer ×11 · Hussite Wagon ×11
Feudal
10:29
Castle
15:43
Imperial
36:37
| APM avg | 27.0 |
| APM peak | 58 |
| eAPM avg | 15.6 |
| Villagers / military | 176 / 553 |
Focus
⚔️ 39.1% · 🌾 60.9%
Knight ×276 · Skirmisher ×120 · Scout Cavalry ×60 · Trade Cart ×44 · War Elephant ×44 · Camel Scout ×39
Match map
Initial resources + every placement click. Lines = walls · curves = elevation contours. ◆ gold · ⬟ stone · ● berries · ✦ relic · ◌ wall gap
Your base· ✓ Closed at 21:28 · 30t walls · 1 gate(s)
Xilef's base· ✓ Closed at 16:32 · 0t walls · no gate
Loro's base· Open — unwalled flank
Kingstad's base· ✓ Closed at 18:33 · 16t walls · 4 gate(s)
Le Marquis's base· Open — unwalled flank
Blessedservent's base· Open — unwalled flank
Smoothed initial terrain · ◌ = detected wall gap · hover for details
Inputs per minute
— WutGodPower - - Xilef
Build order — WutGodPower
First 150 of 521 actions detected
| 0:02 | Build | House |
| 0:04 | Create | Villager (Male) |
| 0:04 | Create | Villager (Male) |
| 0:04 | Create | Villager (Male) |
| 0:05 | Build | House |
| 0:26 | Create | Villager (Male) |
| 1:33 | Create | Villager (Male) |
| 1:52 | Build | Lumber Camp |
| 1:53 | Create | Villager (Male) |
| 2:22 | Create | Villager (Male) |
| 2:56 | Create | Villager (Male) |
| 2:56 | Create | Villager (Male) |
| 3:29 | Build | House |
| 3:37 | Create | Villager (Male) |
| 4:03 | Create | Villager (Male) |
| 4:25 | Build | Mill |
| 4:47 | Create | Villager (Male) |
| 4:53 | Create | Villager (Male) |
| 5:32 | Create | Villager (Male) |
| 6:03 | Create | Villager (Male) |
| 6:19 | Create | Villager (Male) |
| 6:20 | Create | Villager (Male) |
| 6:26 | Build | House |
| 6:34 | Create | Villager (Male) |
| 6:50 | Create | Villager (Male) |
| 6:51 | Create | Villager (Male) |
| 7:21 | Create | Villager (Male) |
| 7:32 | Build | House |
| 7:37 | Create | Villager (Male) |
| 8:03 | Build | Palisade Wall |
| 8:08 | Create | Villager (Male) |
| 8:09 | Create | Villager (Male) |
| 8:16 | Create | Villager (Male) |
| 8:23 | Build | Barracks |
| 8:26 | Create | Villager (Male) |
| 8:34 | Create | Villager (Male) |
| 9:05 | Create | Villager (Male) |
| 9:16 | Research | Loom |
| 9:30 | Build | House |
| 9:53 | Build | Palisade Wall |
| 9:57 | Research | Feudal Age |
| 10:34 | Build | House |
| 10:41 | Create | Villager (Male) |
| 10:50 | Build | Palisade Wall |
| 10:59 | Create | Villager (Male) |
| 11:32 | Create | Villager (Male) |
| 12:07 | Age | Feudal Age |
| 12:28 | Create | Villager (Male) |
| 12:42 | Build | Mining Camp |
| 12:55 | Build | Mill |
| 13:02 | Build | Farm |
| 13:07 | Build | Farm |
| 13:09 | Build | Farm |
| 13:12 | Build | Farm |
| 13:21 | Build | Farm |
| 13:27 | Create | Villager (Male) |
| 13:33 | Build | Blacksmith |
| 13:39 | Build | Archery Range |
| 13:48 | Research | Double-Bit Axe |
| 13:50 | Create | Villager (Male) |
| 14:16 | Create | Villager (Male) |
| 14:27 | Create | Villager (Male) |
| 14:37 | Create | Archer |
| 14:38 | Create | Archer |
| 14:50 | Build | House |
| 14:53 | Create | Villager (Male) |
| 14:58 | Build | Farm |
| 15:04 | Build | Farm |
| 15:11 | Create | Skirmisher |
| 15:14 | Create | Archer |
| 15:24 | Build | Palisade Gate |
| 15:25 | Create | Villager (Male) |
| 15:34 | Research | Padded Archer Armor |
| 15:36 | Create | Villager (Male) |
| 16:00 | Create | Villager (Male) |
| 16:08 | Create | Archer |
| 16:13 | Research | Fletching |
| 16:18 | Create | Archer |
| 16:20 | Create | Villager (Male) |
| 16:20 | Create | Villager (Male) |
| 16:24 | Build | Farm |
| 16:24 | Build | Farm |
| 16:25 | Build | Farm |
| 16:25 | Build | Farm |
| 16:25 | Build | Farm |
| 16:25 | Build | Farm |
| 16:26 | Build | Farm |
| 16:26 | Build | Farm |
| 16:26 | Build | Farm |
| 16:58 | Build | Farm |
| 17:01 | Build | Farm |
| 17:04 | Build | Farm |
| 17:14 | Create | Villager (Male) |
| 17:19 | Build | House |
| 17:34 | Create | Villager (Male) |
| 17:35 | Create | Villager (Male) |
| 17:50 | Create | Villager (Male) |
| 17:55 | Build | House |
| 17:56 | Build | House |
| 18:22 | Create | Villager (Male) |
| 18:27 | Research | Castle Age |
| 19:04 | Create | Villager (Male) |
| 19:05 | Create | Villager (Male) |
| 19:12 | Build | House |
| 19:13 | Build | House |
| 20:37 | Build | Mining Camp |
| 20:44 | Research | Horse Collar |
| 21:15 | Research | Gold Mining |
| 21:28 | Age | Castle Age |
| 21:31 | Build | Monastery |
| 21:33 | Create | Villager (Male) |
| 21:38 | Research | Bow Saw |
| 21:41 | Research | Heavy Plow |
| 21:42 | Create | Villager (Male) |
| 21:50 | Build | Town Center |
| 21:53 | Create | Villager (Male) |
| 22:00 | Build | Farm |
| 22:17 | Research | Stone Mining |
| 22:27 | Research | Pikeman (upgrade) |
| 22:30 | Create | Monk |
| 22:30 | Create | Monk |
| 22:34 | Build | Farm |
| 23:07 | Research | Scale Mail Armor |
| 23:10 | Research | Squires |
| 23:13 | Create | Villager (Male) |
| 23:14 | Create | Villager (Male) |
| 23:17 | Create | Villager (Male) |
| 23:17 | Create | Villager (Male) |
| 23:17 | Create | Villager (Male) |
| 23:17 | Create | Villager (Male) |
| 23:23 | Build | Town Center |
| 23:39 | Create | Monk |
| 23:49 | Build | Farm |
| 23:50 | Create | Villager (Male) |
| 23:50 | Create | Villager (Male) |
| 23:51 | Create | Villager (Male) |
| 23:59 | Create | Villager (Male) |
| 23:59 | Create | Villager (Male) |
| 24:00 | Create | Villager (Male) |
| 24:32 | Create | Villager (Male) |
| 24:40 | Create | Spearman |
| 24:40 | Create | Spearman |
| 24:41 | Create | Spearman |
| 24:41 | Create | Spearman |
| 25:01 | Build | Stone Wall |
| 25:08 | Create | Villager (Male) |
| 25:09 | Create | Villager (Male) |
| 25:09 | Create | Villager (Male) |
| 25:12 | Create | Villager (Male) |
| 25:14 | Create | Villager (Male) |
Build order — Xilef
First 150 of 521 actions detected
| 0:01 | Create | Villager (Male) |
| 0:01 | Create | Villager (Male) |
| 0:01 | Create | Villager (Male) |
| 0:04 | Build | House |
| 0:05 | Build | House |
| 0:07 | Create | Villager (Male) |
| 1:24 | Create | Villager (Male) |
| 1:58 | Create | Villager (Male) |
| 2:26 | Create | Villager (Male) |
| 2:57 | Build | Lumber Camp |
| 3:10 | Create | Villager (Male) |
| 3:11 | Create | Villager (Male) |
| 3:45 | Build | House |
| 3:50 | Create | Villager (Male) |
| 4:19 | Create | Villager (Male) |
| 4:36 | Build | Mill |
| 4:42 | Create | Villager (Male) |
| 4:57 | Create | Villager (Male) |
| 5:28 | Create | Villager (Male) |
| 5:36 | Create | Villager (Male) |
| 5:45 | Build | House |
| 6:03 | Create | Villager (Male) |
| 6:13 | Create | Villager (Male) |
| 6:22 | Create | Villager (Male) |
| 6:53 | Create | Villager (Male) |
| 6:54 | Create | Villager (Male) |
| 7:52 | Build | House |
| 7:55 | Build | House |
| 8:02 | Build | Mill |
| 8:38 | Build | Mining Camp |
| 8:49 | Create | Villager (Male) |
| 8:50 | Create | Villager (Male) |
| 8:53 | Research | Feudal Age |
| 9:46 | Create | Villager (Male) |
| 9:57 | Create | Villager (Male) |
| 10:39 | Build | Farm |
| 10:46 | Create | Villager (Male) |
| 10:52 | Build | Farm |
| 11:12 | Build | Farm |
| 11:24 | Age | Feudal Age |
| 11:29 | Build | Market |
| 11:48 | Build | Blacksmith |
| 12:22 | Research | Double-Bit Axe |
| 13:02 | Create | Villager (Male) |
| 13:03 | Create | Villager (Male) |
| 13:04 | Create | Villager (Male) |
| 13:04 | Create | Villager (Male) |
| 13:12 | Build | Lumber Camp |
| 13:18 | Create | Villager (Male) |
| 13:29 | Research | Castle Age |
| 13:51 | Build | Mining Camp |
| 14:12 | Create | Villager (Male) |
| 14:13 | Create | Villager (Male) |
| 14:16 | Build | Farm |
| 14:17 | Build | Farm |
| 14:24 | Build | Farm |
| 14:24 | Build | Farm |
| 14:25 | Build | Farm |
| 14:47 | Create | Villager (Male) |
| 14:52 | Build | Farm |
| 15:02 | Build | Farm |
| 15:03 | Build | Farm |
| 15:03 | Build | Farm |
| 15:13 | Build | House |
| 15:14 | Build | House |
| 15:32 | Build | Farm |
| 15:33 | Build | Farm |
| 15:37 | Build | Farm |
| 15:39 | Build | Farm |
| 15:42 | Create | Villager (Male) |
| 15:43 | Create | Villager (Male) |
| 16:32 | Age | Castle Age |
| 16:34 | Build | Barracks |
| 16:38 | Create | Villager (Male) |
| 16:38 | Create | Villager (Male) |
| 16:45 | Build | Farm |
| 16:49 | Create | Villager (Male) |
| 17:14 | Research | Wheelbarrow |
| 17:33 | Create | Villager (Male) |
| 17:33 | Create | Villager (Male) |
| 17:34 | Create | Villager (Male) |
| 17:40 | Build | Farm |
| 17:47 | Build | Farm |
| 18:13 | Research | Horse Collar |
| 18:24 | Research | Bow Saw |
| 18:42 | Create | Villager (Male) |
| 18:43 | Create | Villager (Male) |
| 19:19 | Build | Stable |
| 19:28 | Build | House |
| 19:28 | Build | House |
| 20:04 | Create | Villager (Male) |
| 20:32 | Create | Villager (Male) |
| 20:33 | Create | Villager (Male) |
| 20:38 | Research | Heavy Plow |
| 21:10 | Build | Archery Range |
| 21:11 | Build | Archery Range |
| 21:54 | Build | Castle |
| 22:02 | Create | Villager (Male) |
| 22:03 | Create | Villager (Male) |
| 22:03 | Create | Villager (Male) |
| 22:03 | Create | Villager (Male) |
| 22:03 | Create | Villager (Male) |
| 22:04 | Create | Villager (Male) |
| 22:06 | Research | Hand Cart |
| 22:10 | Create | Villager (Male) |
| 22:10 | Create | Villager (Male) |
| 22:11 | Create | Villager (Male) |
| 22:11 | Create | Villager (Male) |
| 22:15 | Create | Cavalry Archer |
| 22:16 | Create | Cavalry Archer |
| 22:19 | Create | Cavalry Archer |
| 22:41 | Build | University |
| 22:56 | Research | Bloodlines |
| 23:00 | Create | Cavalry Archer |
| 23:32 | Create | Cavalry Archer |
| 23:33 | Create | Cavalry Archer |
| 23:43 | Build | House |
| 23:43 | Build | House |
| 23:44 | Build | House |
| 23:44 | Build | House |
| 23:57 | Research | Thumb Ring |
| 24:15 | Create | Villager (Male) ×5 |
| 24:21 | Research | Fletching |
| 25:00 | Create | Cavalry Archer ×5 |
| 25:39 | Research | Bodkin Arrow |
| 25:55 | Create | Villager (Male) ×5 |
| 25:58 | Create | Cavalry Archer ×4 |
| 26:47 | Build | Town Center |
| 26:56 | Build | Lumber Camp |
| 27:06 | Create | Kipchak |
| 27:22 | Build | Farm |
| 27:22 | Build | Farm |
| 27:22 | Build | Farm |
| 27:25 | Create | Villager (Male) |
| 27:31 | Build | House |
| 27:32 | Build | House |
| 27:32 | Build | House |
| 28:02 | Create | Kipchak |
| 28:03 | Create | Kipchak |
| 28:04 | Create | Kipchak |
| 28:22 | Create | Villager (Male) |
| 28:23 | Create | Villager (Male) |
| 28:23 | Create | Villager (Male) |
| 28:35 | Build | Mining Camp |
| 28:49 | Research | Ballistics |
| 28:54 | Research | Scale Barding Armor |
| 29:37 | Create | Kipchak |
| 29:38 | Create | Kipchak |
| 29:38 | Create | Kipchak |
| 29:38 | Create | Kipchak |
Build order — Loro
First 150 of 966 actions detected
| 0:00 | Create | Villager (Male) |
| 0:01 | Create | Villager (Male) |
| 0:02 | Build | House |
| 0:04 | Build | House |
| 0:07 | Create | Villager (Male) ×2 |
| 1:26 | Create | Villager (Male) |
| 1:50 | Create | Villager (Male) |
| 1:50 | Create | Villager (Male) |
| 2:00 | Build | Lumber Camp |
| 2:22 | Create | Villager (Male) |
| 2:52 | Create | Villager (Male) |
| 2:52 | Create | Villager (Male) |
| 3:05 | Create | Villager (Male) |
| 3:05 | Create | Villager (Male) |
| 3:33 | Create | Villager (Male) |
| 3:50 | Build | House |
| 3:51 | Build | House |
| 3:53 | Build | House |
| 4:10 | Build | House |
| 4:14 | Create | Villager (Male) |
| 4:14 | Create | Villager (Male) |
| 4:31 | Build | House |
| 4:37 | Build | Mill |
| 4:39 | Create | Villager (Male) |
| 4:40 | Create | Villager (Male) |
| 5:16 | Create | Villager (Male) ×2 |
| 5:16 | Create | Villager (Male) ×2 |
| 6:07 | Create | Villager (Male) |
| 6:22 | Create | Villager (Male) |
| 6:47 | Create | Villager (Male) ×3 |
| 6:47 | Create | Villager (Male) ×3 |
| 7:20 | Research | Loom |
| 7:39 | Build | Barracks |
| 7:41 | Build | Mining Camp |
| 8:25 | Research | Feudal Age |
| 8:25 | Research | Feudal Age |
| 8:43 | Create | Militia |
| 8:43 | Create | Militia |
| 9:13 | Create | Militia |
| 9:14 | Create | Militia |
| 9:18 | Create | Militia |
| 9:50 | Create | Militia |
| 9:53 | Create | Villager (Male) |
| 10:25 | Create | Villager (Male) |
| 10:30 | Create | Villager (Male) |
| 10:35 | Age | Feudal Age |
| 10:36 | Create | Villager (Male) |
| 11:02 | Build | Archery Range |
| 11:03 | Build | Archery Range |
| 11:25 | Build | Blacksmith |
| 11:28 | Build | House |
| 11:29 | Research | Town Watch |
| 11:39 | Create | Villager (Male) |
| 11:50 | Create | Villager (Male) |
| 11:53 | Create | Villager (Male) |
| 12:06 | Build | House |
| 12:21 | Build | House |
| 12:23 | Build | Palisade Wall |
| 12:26 | Create | Archer |
| 12:32 | Build | Palisade Wall |
| 12:47 | Create | Villager (Male) |
| 13:08 | Create | Villager (Male) |
| 13:12 | Build | House |
| 13:13 | Build | House |
| 13:15 | Build | Palisade Wall |
| 13:20 | Create | Villager (Male) |
| 13:22 | Build | Farm |
| 13:22 | Build | Farm |
| 13:22 | Build | Farm |
| 13:22 | Build | Farm |
| 13:23 | Build | Farm |
| 13:23 | Build | Farm |
| 13:23 | Build | Farm |
| 13:23 | Build | Farm |
| 13:51 | Create | Archer ×2 |
| 13:59 | Build | House |
| 14:01 | Build | House |
| 14:04 | Create | Archer ×2 |
| 14:21 | Create | Villager (Male) |
| 14:40 | Create | Villager (Male) |
| 14:48 | Create | Archer ×2 |
| 15:19 | Create | Villager (Male) |
| 15:21 | Create | Archer ×2 |
| 15:23 | Build | Farm |
| 15:24 | Build | Farm |
| 15:24 | Build | Farm |
| 15:24 | Build | Farm |
| 15:39 | Build | Stone Wall |
| 15:43 | Build | Stone Wall |
| 15:48 | Build | House |
| 15:49 | Build | House |
| 15:51 | Build | House |
| 15:52 | Build | House |
| 15:53 | Build | House |
| 15:53 | Build | House |
| 15:53 | Create | Villager (Male) |
| 15:56 | Create | Archer |
| 16:06 | Create | Archer ×2 |
| 16:07 | Create | Villager (Male) |
| 16:12 | Research | Fletching |
| 16:13 | Create | Villager (Male) |
| 16:15 | Build | Farm |
| 16:16 | Build | Farm |
| 16:45 | Create | Archer ×4 |
| 16:46 | Create | Villager (Male) |
| 16:48 | Create | Villager (Male) |
| 16:58 | Create | Archer |
| 17:16 | Create | Villager (Male) |
| 17:22 | Build | Lumber Camp |
| 17:29 | Create | Villager (Male) |
| 17:34 | Create | Archer ×3 |
| 17:39 | Create | Villager (Male) |
| 17:59 | Create | Archer |
| 18:14 | Research | Padded Archer Armor |
| 18:21 | Build | Gate |
| 18:55 | Create | Villager (Male) |
| 19:17 | Create | Villager (Male) |
| 19:46 | Create | Villager (Male) ×5 |
| 20:08 | Research | Man-at-Arms (upgrade) |
| 20:08 | Research | Man-at-Arms (upgrade) |
| 20:10 | Research | Scale Mail Armor |
| 20:12 | Create | Militia |
| 20:14 | Create | Villager (Male) |
| 20:17 | Build | House |
| 20:18 | Build | House |
| 20:23 | Build | Stone Wall |
| 20:28 | Build | Farm |
| 20:28 | Build | Farm |
| 20:28 | Build | Farm |
| 20:28 | Build | Farm |
| 20:29 | Build | Farm |
| 20:29 | Build | Farm |
| 20:29 | Build | Farm |
| 20:29 | Build | Farm |
| 20:29 | Build | Farm |
| 20:29 | Build | Farm |
| 20:30 | Build | Farm |
| 20:30 | Build | Farm |
| 20:30 | Build | Farm |
| 20:30 | Build | Farm |
| 20:30 | Build | Farm |
| 20:31 | Build | Farm |
| 20:37 | Build | Gate |
| 20:39 | Create | Villager (Male) |
| 20:44 | Build | Palisade Wall |
| 20:47 | Build | Palisade Wall |
| 20:50 | Create | Villager (Male) |
| 21:18 | Build | Farm |
| 21:18 | Build | Farm |
| 21:18 | Build | Farm |
Build order — Kingstad
First 150 of 563 actions detected
| 0:02 | Create | Villager (Male) |
| 0:02 | Create | Villager (Male) |
| 0:05 | Research | Loom |
| 0:08 | Create | Villager (Male) |
| 0:09 | Build | House |
| 0:13 | Build | House |
| 0:38 | Create | Villager (Male) |
| 1:15 | Create | Villager (Male) |
| 1:49 | Create | Villager (Male) |
| 2:03 | Create | Villager (Male) |
| 2:19 | Build | House |
| 2:49 | Create | Villager (Male) |
| 2:54 | Create | Villager (Male) |
| 3:16 | Create | Villager (Male) |
| 3:48 | Create | Villager (Male) |
| 4:14 | Create | Villager (Male) |
| 4:36 | Create | Villager (Male) |
| 4:51 | Build | Lumber Camp |
| 5:08 | Create | Villager (Male) |
| 5:30 | Create | Villager (Male) |
| 5:50 | Build | House |
| 5:54 | Create | Villager (Male) |
| 6:18 | Create | Villager (Male) |
| 6:37 | Create | Villager (Male) |
| 7:02 | Build | Palisade Wall |
| 7:09 | Build | Palisade Wall |
| 7:31 | Create | Villager (Male) |
| 8:18 | Create | Villager (Male) |
| 8:23 | Build | House |
| 8:27 | Build | Palisade Gate |
| 8:37 | Create | Villager (Male) |
| 8:50 | Build | Mill |
| 9:18 | Research | Feudal Age |
| 9:27 | Build | Farm |
| 9:31 | Create | Villager (Male) |
| 9:36 | Build | House |
| 9:40 | Build | Palisade Wall |
| 10:46 | Build | Farm |
| 10:52 | Create | Villager (Male) |
| 10:57 | Build | Mill |
| 11:28 | Age | Feudal Age |
| 11:39 | Build | Blacksmith |
| 11:48 | Build | Barracks |
| 12:27 | Create | Villager (Male) |
| 12:33 | Build | Mining Camp |
| 12:36 | Create | Villager (Male) |
| 12:42 | Create | Eagle Scout |
| 12:48 | Create | Militia |
| 12:54 | Build | Palisade Gate |
| 13:00 | Build | House |
| 13:02 | Build | Palisade Wall |
| 13:11 | Create | Villager (Male) |
| 13:22 | Build | Farm |
| 13:28 | Create | Villager (Male) |
| 13:35 | Research | Gold Mining |
| 13:42 | Research | Double-Bit Axe |
| 13:50 | Create | Villager (Male) |
| 14:26 | Create | Villager (Male) |
| 15:01 | Create | Villager (Male) |
| 15:09 | Build | Market |
| 15:13 | Create | Villager (Male) |
| 15:31 | Build | Farm |
| 15:38 | Build | Farm |
| 15:43 | Build | Farm |
| 15:53 | Research | Castle Age |
| 16:22 | Build | Archery Range |
| 16:30 | Research | Fletching |
| 16:32 | Research | Padded Archer Armor |
| 17:05 | Create | Skirmisher |
| 17:05 | Create | Skirmisher |
| 17:20 | Create | Villager (Male) |
| 17:34 | Create | Skirmisher |
| 17:56 | Create | Skirmisher |
| 18:02 | Build | Gate |
| 18:08 | Build | Gate |
| 18:13 | Create | Skirmisher |
| 18:20 | Build | Archery Range |
| 18:28 | Create | Skirmisher |
| 18:33 | Age | Castle Age |
| 19:02 | Create | Skirmisher |
| 19:02 | Create | Skirmisher |
| 19:06 | Research | Bodkin Arrow |
| 19:20 | Create | Skirmisher |
| 19:40 | Create | Skirmisher |
| 19:41 | Create | Villager (Male) |
| 19:41 | Create | Villager (Male) |
| 19:52 | Create | Villager (Male) |
| 19:59 | Build | Farm |
| 20:08 | Build | Town Center |
| 20:13 | Create | Villager (Male) |
| 20:13 | Create | Villager (Male) |
| 20:13 | Create | Villager (Male) |
| 20:44 | Build | Farm |
| 20:52 | Create | Villager (Male) |
| 21:34 | Create | Villager (Male) |
| 21:43 | Build | Gate |
| 21:44 | Build | Stone Wall |
| 21:50 | Create | Villager (Male) |
| 21:53 | Build | House |
| 21:56 | Build | Palisade Wall |
| 22:37 | Research | Elite Skirmisher (upgrade) |
| 22:47 | Create | Villager (Male) |
| 23:27 | Create | Archer |
| 23:27 | Create | Archer |
| 23:38 | Create | Archer |
| 23:40 | Research | Crossbowman (upgrade) |
| 23:48 | Build | Gate |
| 23:55 | Create | Villager (Male) |
| 24:01 | Build | Farm |
| 24:01 | Build | Farm |
| 24:02 | Build | Farm |
| 24:02 | Build | Farm |
| 24:02 | Build | Farm |
| 24:02 | Build | Farm |
| 24:03 | Build | Farm |
| 24:15 | Build | Gate |
| 24:27 | Create | Archer |
| 24:27 | Create | Archer |
| 24:51 | Create | Villager (Male) |
| 24:51 | Create | Villager (Male) |
| 25:16 | Create | Archer |
| 25:16 | Create | Archer |
| 25:17 | Create | Archer |
| 25:30 | Create | Archer |
| 25:30 | Create | Archer |
| 25:31 | Create | Villager (Male) |
| 25:32 | Create | Villager (Male) |
| 26:12 | Build | Gate |
| 26:17 | Build | Mining Camp |
| 26:28 | Create | Villager (Male) |
| 26:29 | Create | Villager (Male) |
| 26:42 | Build | House |
| 26:54 | Research | Town Watch |
| 26:55 | Create | Villager (Male) |
| 27:00 | Research | Bow Saw |
| 27:09 | Build | Farm |
| 27:10 | Build | Farm |
| 27:10 | Build | Farm |
| 27:16 | Build | Farm |
| 27:17 | Create | Villager (Male) |
| 27:23 | Build | Farm |
| 27:26 | Build | Farm |
| 27:29 | Build | Farm |
| 27:37 | Research | Horse Collar |
| 27:53 | Create | Villager (Male) |
| 27:56 | Build | Farm |
| 28:13 | Research | Stone Mining |
| 28:30 | Build | House |
| 28:34 | Build | House |
| 28:35 | Build | House |
Build order — Le Marquis
First 150 of 1158 actions detected
| 0:01 | Create | Villager (Male) |
| 0:01 | Create | Villager (Male) |
| 0:01 | Create | Villager (Male) |
| 0:02 | Create | Villager (Male) |
| 0:02 | Create | Villager (Male) |
| 0:03 | Build | House |
| 0:04 | Build | House |
| 0:07 | Build | House |
| 1:44 | Create | Villager (Male) |
| 1:44 | Create | Villager (Male) |
| 2:09 | Create | Villager (Male) |
| 2:23 | Research | Loom |
| 2:33 | Build | Lumber Camp |
| 2:35 | Create | Villager (Male) |
| 2:57 | Create | Villager (Male) |
| 3:09 | Create | Villager (Male) |
| 3:42 | Create | Villager (Male) |
| 4:03 | Create | Villager (Male) |
| 4:58 | Create | Villager (Male) |
| 5:04 | Build | House |
| 5:34 | Create | Villager (Male) |
| 5:35 | Create | Villager (Male) |
| 5:41 | Create | Villager (Male) |
| 6:43 | Create | Villager (Male) |
| 6:43 | Create | Villager (Male) |
| 7:33 | Build | Mill |
| 7:58 | Research | Feudal Age |
| 8:30 | Build | House |
| 9:18 | Create | Villager (Male) |
| 9:18 | Create | Villager (Male) |
| 9:52 | Create | Villager (Male) |
| 10:08 | Age | Feudal Age |
| 10:11 | Research | Horse Collar |
| 10:13 | Research | Double-Bit Axe |
| 10:17 | Create | Villager (Male) |
| 11:01 | Create | Villager (Male) |
| 11:05 | Build | Farm |
| 11:10 | Build | Farm |
| 11:13 | Build | Farm |
| 11:16 | Build | Farm |
| 11:20 | Build | Farm |
| 11:55 | Build | Stone Wall |
| 12:15 | Build | Gate |
| 12:21 | Create | Villager (Male) |
| 12:21 | Create | Villager (Male) |
| 12:22 | Create | Villager (Male) |
| 12:49 | Create | Villager (Male) |
| 13:03 | Build | House |
| 13:08 | Build | Farm |
| 13:10 | Build | Farm |
| 13:11 | Build | Farm |
| 13:14 | Build | Farm |
| 13:28 | Create | Villager (Male) |
| 14:18 | Create | Villager (Male) |
| 14:19 | Create | Villager (Male) |
| 14:19 | Create | Villager (Male) |
| 14:23 | Build | House |
| 14:24 | Build | House |
| 14:28 | Build | Blacksmith |
| 14:33 | Build | Market |
| 14:37 | Create | Villager (Male) |
| 15:17 | Build | Barracks |
| 15:29 | Build | Farm |
| 15:31 | Build | Farm |
| 15:32 | Build | Farm |
| 15:40 | Build | Mining Camp |
| 15:44 | Create | Villager (Male) |
| 15:44 | Create | Villager (Male) |
| 16:13 | Build | House |
| 16:14 | Build | House |
| 16:38 | Build | Lumber Camp |
| 17:21 | Research | Castle Age |
| 18:08 | Research | Wheelbarrow |
| 18:08 | Research | Town Watch |
| 18:52 | Create | Villager (Male) |
| 18:53 | Create | Villager (Male) |
| 18:54 | Create | Villager (Male) |
| 19:25 | Research | Fletching |
| 20:01 | Age | Castle Age |
| 20:05 | Build | Town Center |
| 20:14 | Build | Monastery |
| 20:19 | Build | University |
| 20:34 | Build | Siege Workshop |
| 20:47 | Build | Town Center |
| 21:08 | Create | Villager (Male) |
| 21:08 | Create | Villager (Male) |
| 21:09 | Create | Villager (Male) |
| 21:09 | Create | Villager (Male) |
| 21:11 | Build | Farm |
| 21:59 | Create | Villager (Male) |
| 21:59 | Create | Villager (Male) |
| 21:59 | Create | Villager (Male) |
| 22:00 | Create | Villager (Male) |
| 22:09 | Create | Villager (Male) |
| 22:15 | Build | Lumber Camp |
| 22:25 | Research | Town Watch |
| 22:26 | Create | Villager (Male) |
| 22:26 | Create | Villager (Male) |
| 22:31 | Create | Villager (Male) |
| 22:32 | Create | Villager (Male) |
| 22:35 | Create | Villager (Male) |
| 22:36 | Create | Villager (Male) |
| 22:41 | Research | Heavy Plow |
| 22:50 | Research | Bow Saw |
| 23:18 | Research | Fortified Wall (upgrade) |
| 23:34 | Create | Villager (Male) |
| 23:35 | Create | Villager (Male) |
| 23:41 | Build | Farm |
| 23:41 | Build | Farm |
| 23:42 | Build | Farm |
| 23:42 | Build | Farm |
| 23:42 | Build | Farm |
| 23:42 | Build | Farm |
| 23:46 | Create | Villager (Male) |
| 23:49 | Create | Villager (Male) |
| 24:02 | Create | Villager (Male) |
| 24:18 | Build | Farm |
| 24:21 | Create | Villager (Male) |
| 24:25 | Build | Farm |
| 24:25 | Build | Farm |
| 24:25 | Build | Farm |
| 24:26 | Build | Farm |
| 24:26 | Build | Farm |
| 24:26 | Build | Farm |
| 24:28 | Create | Villager (Male) |
| 24:28 | Create | Villager (Male) |
| 24:55 | Build | Barracks |
| 25:02 | Build | House |
| 25:02 | Build | House |
| 25:05 | Create | Villager (Male) |
| 25:06 | Create | Villager (Male) |
| 25:06 | Create | Villager (Male) |
| 25:10 | Create | Villager (Male) |
| 25:10 | Create | Villager (Male) |
| 25:26 | Build | House |
| 25:26 | Build | House |
| 25:31 | Build | House |
| 25:33 | Build | House |
| 25:34 | Build | House |
| 25:42 | Create | Villager (Male) |
| 25:43 | Create | Villager (Male) |
| 25:43 | Create | Villager (Male) |
| 25:43 | Create | Villager (Male) |
| 25:44 | Create | Villager (Male) |
| 25:44 | Create | Villager (Male) |
| 25:44 | Create | Villager (Male) |
| 25:53 | Research | Padded Archer Armor |
| 26:18 | Create | Villager (Male) |
| 26:18 | Create | Villager (Male) |
| 26:18 | Create | Villager (Male) |
Build order — Blessedservent
First 150 of 435 actions detected
| 0:02 | Build | House |
| 0:03 | Create | Villager (Male) |
| 0:03 | Create | Villager (Male) |
| 0:03 | Create | Villager (Male) |
| 0:04 | Create | Villager (Male) |
| 0:05 | Build | House |
| 0:06 | Create | Villager (Male) |
| 0:06 | Create | Villager (Male) |
| 1:35 | Create | Villager (Male) |
| 1:35 | Create | Villager (Male) |
| 1:48 | Create | Villager (Male) |
| 1:49 | Create | Villager (Male) |
| 2:07 | Build | Lumber Camp |
| 2:39 | Create | Villager (Male) |
| 2:39 | Create | Villager (Male) |
| 2:39 | Create | Villager (Male) |
| 2:39 | Create | Villager (Male) |
| 2:57 | Build | House |
| 3:02 | Create | Villager (Male) |
| 3:28 | Create | Villager (Male) |
| 3:28 | Create | Villager (Male) |
| 4:34 | Create | Villager (Male) |
| 4:35 | Create | Villager (Male) |
| 4:35 | Create | Villager (Male) |
| 5:08 | Build | House |
| 5:23 | Create | Villager (Male) |
| 5:23 | Create | Villager (Male) |
| 5:23 | Create | Villager (Male) |
| 5:57 | Build | Mill |
| 6:03 | Create | Villager (Male) |
| 6:03 | Create | Villager (Male) |
| 6:03 | Create | Villager (Male) |
| 6:03 | Create | Villager (Male) |
| 6:46 | Create | Villager (Male) |
| 6:46 | Create | Villager (Male) |
| 7:13 | Build | Mill |
| 7:19 | Build | House |
| 8:20 | Research | Feudal Age |
| 9:00 | Build | Mining Camp |
| 9:33 | Create | Villager (Male) |
| 9:34 | Create | Villager (Male) |
| 10:02 | Build | Lumber Camp |
| 10:29 | Age | Feudal Age |
| 11:23 | Create | Villager (Male) |
| 11:23 | Create | Villager (Male) |
| 11:31 | Create | Villager (Male) |
| 11:34 | Build | House |
| 11:59 | Build | Market |
| 12:02 | Create | Villager (Male) |
| 12:03 | Create | Villager (Male) |
| 12:33 | Build | Blacksmith |
| 12:56 | Create | Villager (Male) |
| 12:57 | Create | Villager (Male) |
| 13:14 | Research | Castle Age |
| 13:28 | Research | Double-Bit Axe |
| 13:30 | Research | Horse Collar |
| 13:35 | Research | Loom |
| 14:18 | Build | Farm |
| 14:18 | Build | Farm |
| 14:18 | Build | Farm |
| 14:18 | Build | Farm |
| 14:19 | Build | Farm |
| 14:19 | Build | Farm |
| 14:19 | Build | Farm |
| 14:19 | Build | Farm |
| 14:20 | Build | Farm |
| 14:20 | Build | Farm |
| 14:21 | Build | Farm |
| 15:01 | Build | House |
| 15:03 | Build | House |
| 15:36 | Build | Barracks |
| 15:43 | Age | Castle Age |
| 15:52 | Create | Villager (Male) |
| 15:52 | Create | Villager (Male) |
| 15:53 | Create | Villager (Male) |
| 15:53 | Create | Villager (Male) |
| 15:56 | Research | Bow Saw |
| 16:13 | Build | Town Center |
| 17:23 | Create | Villager (Male) ×5 |
| 17:57 | Build | Stable |
| 18:00 | Build | Stable |
| 18:07 | Research | Wheelbarrow |
| 18:08 | Create | Villager (Male) |
| 18:08 | Create | Villager (Male) |
| 18:08 | Create | Villager (Male) |
| 18:18 | Create | Villager (Male) |
| 18:34 | Create | Villager (Male) |
| 19:01 | Create | Knight ×2 |
| 19:28 | Build | Farm |
| 19:29 | Build | Farm |
| 19:29 | Build | Farm |
| 19:29 | Build | Farm |
| 19:29 | Build | Farm |
| 19:30 | Build | Farm |
| 19:31 | Build | Farm |
| 19:31 | Build | Farm |
| 19:32 | Build | Farm |
| 19:33 | Build | Farm |
| 19:43 | Research | Husbandry |
| 19:44 | Research | Bloodlines |
| 19:54 | Build | Town Center |
| 20:11 | Create | Villager (Male) ×2 |
| 20:12 | Create | Villager (Male) ×2 |
| 20:20 | Research | Scale Barding Armor |
| 20:20 | Research | Forging |
| 20:56 | Research | Bloodlines |
| 20:57 | Create | Knight |
| 20:57 | Create | Knight |
| 21:26 | Create | Knight ×2 |
| 21:26 | Create | Knight ×2 |
| 21:30 | Create | Villager (Male) ×3 |
| 21:30 | Create | Villager (Male) ×3 |
| 22:05 | Create | Villager (Male) ×5 |
| 22:06 | Create | Villager (Male) ×5 |
| 22:28 | Create | Knight |
| 22:29 | Create | Knight |
| 22:49 | Build | House |
| 22:49 | Build | House |
| 22:49 | Build | House |
| 22:49 | Build | House |
| 22:49 | Build | House |
| 22:50 | Build | House |
| 23:05 | Create | Villager (Male) ×5 |
| 23:42 | Create | Villager (Male) ×5 |
| 23:43 | Create | Villager (Male) ×5 |
| 24:06 | Build | Mill |
| 24:06 | Build | Farm |
| 24:07 | Build | Farm |
| 24:07 | Build | Farm |
| 24:07 | Build | Farm |
| 24:07 | Build | Farm |
| 24:08 | Build | Farm |
| 24:08 | Build | Farm |
| 24:08 | Build | Farm |
| 24:08 | Build | Farm |
| 24:46 | Create | Villager (Male) ×5 |
| 24:47 | Create | Villager (Male) |
| 25:21 | Create | Knight ×5 |
| 25:21 | Create | Knight ×5 |
| 25:54 | Research | Hand Cart |
| 25:55 | Create | Villager (Male) |
| 25:55 | Create | Villager (Male) |
| 26:11 | Build | Mining Camp |
| 26:15 | Create | Knight ×3 |
| 26:15 | Create | Knight ×3 |
| 26:27 | Create | Villager (Male) ×2 |
| 26:27 | Create | Villager (Male) ×2 |
| 26:36 | Build | House |
| 26:37 | Build | House |
| 26:38 | Build | House |
Match timeline
| 7:02 | Kingstad · wall_segment Palisade Wall x3 |
| 7:09 | Kingstad · wall_segment Palisade Wall x4 |
| 7:39 | Loro · first_building Barracks |
| 8:03 | WutGodPower · wall_segment Palisade Wall x7 |
| 8:23 | WutGodPower · first_building Barracks |
| 9:40 | Kingstad · wall_segment Palisade Wall x6 |
| 9:53 | WutGodPower · wall_segment Palisade Wall x9 |
| 10:08 | Le Marquis · age_up feudal |
| 10:29 | Blessedservent · age_up feudal |
| 10:35 | Loro · age_up feudal |
| 10:50 | WutGodPower · wall_segment Palisade Wall x14 |
| 11:02 | Loro · first_building Archery Range |
| 11:24 | Xilef · age_up feudal |
| 11:28 | Kingstad · age_up feudal |
| 11:48 | Kingstad · first_building Barracks |
| 11:55 | Le Marquis · wall_segment Stone Wall x37 |
| 12:07 | WutGodPower · age_up feudal |
| 12:23 | Loro · wall_segment Palisade Wall x6 |
| 12:32 | Loro · wall_segment Palisade Wall x2 |
| 13:02 | Kingstad · wall_segment Palisade Wall x3 |
| 13:15 | Loro · wall_segment Palisade Wall x1 |
| 13:39 | WutGodPower · first_building Archery Range |
| 15:17 | Le Marquis · first_building Barracks |
| 15:36 | Blessedservent · first_building Barracks |
| 15:39 | Loro · wall_segment Stone Wall x7 |
| 15:43 | Blessedservent · age_up castle |
| 15:43 | Loro · wall_segment Stone Wall x4 |
| 15:50 | Kingstad · first_market_sell 100 wood |
| 16:00 | Blessedservent · first_market_buy 100 wood |
| 16:22 | Kingstad · first_building Archery Range |
| 16:32 | Xilef · age_up castle |
| 16:34 | Xilef · first_building Barracks |
| 16:59 | Le Marquis · first_market_sell 100 wood |
| 17:57 | Blessedservent · first_building Stable |
| 18:33 | Kingstad · age_up castle |
| 18:42 | Le Marquis · first_market_buy 100 stone |
| 19:19 | Xilef · first_building Stable |
| 20:01 | Le Marquis · age_up castle |
| 20:14 | Le Marquis · first_building Monastery |
| 20:23 | Loro · wall_segment Stone Wall x5 |
| 20:34 | Le Marquis · first_building Siege Workshop |
| 20:44 | Loro · wall_segment Palisade Wall x3 |
| 20:47 | Loro · wall_segment Palisade Wall x11 |
| 21:10 | Xilef · first_building Archery Range |
| 21:28 | WutGodPower · age_up castle |
| 21:31 | WutGodPower · first_building Monastery |
| 21:44 | Kingstad · wall_segment Stone Wall x2 |
| 21:54 | Xilef · first_building Castle |
| 21:56 | Kingstad · wall_segment Palisade Wall x1 |
| 25:01 | WutGodPower · wall_segment Stone Wall x16 |
| 26:13 | Le Marquis · tribute_sent a jugador 1 |
| 26:13 | Le Marquis · tribute_sent a jugador 2 |
| 26:13 | Le Marquis · tribute_sent a jugador 3 |
| 26:13 | Le Marquis · tribute_sent a jugador 5 |
| 26:13 | Le Marquis · tribute_sent a jugador 6 |
| 26:48 | Le Marquis · first_building Stable |
| 26:55 | Loro · wall_segment Stone Wall x1 |
| 27:42 | Blessedservent · first_building Siege Workshop |
| 27:49 | Blessedservent · first_building Archery Range |
| 28:24 | WutGodPower · first_building Stable |
| 29:00 | Loro · age_up castle |
| 29:12 | Loro · first_building Siege Workshop |
| 29:34 | Le Marquis · first_building Castle |
| 30:05 | WutGodPower · first_building Castle |
| 30:18 | Loro · first_market_buy 100 stone |
| 30:41 | Loro · first_market_sell 100 food |
| 30:56 | Kingstad · first_building Monastery |
| 32:02 | Xilef · first_building Monastery |
| 32:43 | Blessedservent · first_building Castle |
| 32:45 | Xilef · first_market_sell 500 wood |
| 33:10 | Blessedservent · first_building Monastery |
| 34:02 | Kingstad · first_building Castle |
| 34:21 | WutGodPower · wall_segment Stone Wall x6 |
| 35:48 | Le Marquis · age_up imperial |
| 36:06 | Xilef · age_up imperial |
| 36:37 | Blessedservent · age_up imperial |
| 36:51 | Kingstad · first_building Siege Workshop |
| 37:29 | WutGodPower · first_building Siege Workshop |
| 37:37 | Le Marquis · first_building Archery Range |
| 37:57 | Blessedservent · tribute_sent a jugador 1 |
| 37:57 | Blessedservent · tribute_sent a jugador 2 |
| 37:57 | Blessedservent · tribute_sent a jugador 3 |
| 37:57 | Blessedservent · tribute_sent a jugador 4 |
| 37:57 | Blessedservent · tribute_sent a jugador 5 |
| 38:51 | WutGodPower · age_up imperial |
| 40:31 | Loro · first_building Castle |
| 40:42 | Kingstad · wall_segment Stone Wall x1 |
| 40:43 | Kingstad · wall_segment Stone Wall x1 |
| 41:02 | Kingstad · age_up imperial |
| 41:10 | Kingstad · wall_segment Stone Wall x5 |
| 41:13 | Loro · age_up imperial |
| 43:38 | Blessedservent · first_market_sell 500 wood |
| 44:04 | Kingstad · wall_segment Stone Wall x8 |
| 46:32 | Loro · tribute_sent a jugador 1 |
| 46:32 | Loro · tribute_sent a jugador 3 |
| 46:32 | Loro · tribute_sent a jugador 4 |
| 46:32 | Loro · tribute_sent a jugador 5 |
| 46:32 | Loro · tribute_sent a jugador 6 |
| 46:48 | Kingstad · wall_segment Stone Wall x10 |
| 52:20 | Le Marquis · wall_segment Stone Wall x18 |
| 52:25 | Le Marquis · wall_segment Stone Wall x15 |
| 52:32 | Le Marquis · wall_segment Stone Wall x14 |
| 52:55 | Le Marquis · wall_segment Stone Wall x23 |
| 53:13 | Le Marquis · wall_segment Stone Wall x21 |
| 53:18 | Le Marquis · wall_segment Stone Wall x17 |
| 53:27 | Le Marquis · wall_segment Stone Wall x2 |
| 53:34 | Le Marquis · wall_segment Stone Wall x15 |
| 53:51 | Le Marquis · wall_segment Stone Wall x30 |
| 54:20 | Le Marquis · wall_segment Stone Wall x9 |
| 57:11 | Loro · first_building Monastery |
| 57:51 | WutGodPower · tribute_sent a jugador 1 |
| 57:51 | WutGodPower · tribute_sent a jugador 2 |
| 57:51 | WutGodPower · tribute_sent a jugador 3 |
| 57:51 | WutGodPower · tribute_sent a jugador 4 |
| 57:51 | WutGodPower · tribute_sent a jugador 6 |
| 60:23 | Kingstad · wall_segment Palisade Wall x1 |
| 64:46 | Blessedservent · tribute_sent a jugador 1 |
| 64:46 | Blessedservent · tribute_sent a jugador 2 |
| 64:46 | Blessedservent · tribute_sent a jugador 3 |
| 64:46 | Blessedservent · tribute_sent a jugador 4 |
| 64:46 | Blessedservent · tribute_sent a jugador 5 |
| 65:00 | Blessedservent · tribute_sent a jugador 1 |
| 65:00 | Blessedservent · tribute_sent a jugador 2 |
| 65:00 | Blessedservent · tribute_sent a jugador 3 |
| 65:00 | Blessedservent · tribute_sent a jugador 4 |
| 65:00 | Blessedservent · tribute_sent a jugador 5 |
| 70:43 | WutGodPower · resign |
[ AI ANALYSIS · 1 CREDIT ]
What really happened in this match?
Wolo.gg analyzes every decision: build order, eco, micro, common mistakes by bracket. Personalized analysis on WhatsApp or Discord in 30 seconds.
Civ guide
Vietnamese
Perfil
Jugador #5333254